 Dungeon Crawl Stone Soup version 0.26-a0-597-gb535b0901c (webtiles) character file.

Game seed: 9680944578357039982

511 FUZZY the Ducker (level 6, -3/32 HPs)
             Began as a Spriggan Berserker on Sept 1, 2020.
             Was a Priest of Trog.
             Slain by a lemure (8 damage)
             ... led by Pikel
             ... while paralysed
             ... on level 4 of the Dungeon.
             The game lasted 00:16:45 (9100 turns).

FUZZY the Ducker (Spriggan Berserker)               Turns: 9100, Time: 00:16:45

Health: -3/32      AC:  2    Str: 15    XL:     6   Next: 99%
Magic:  7/7        EV:  4    Int: 11    God:    Trog [***...]
Gold:   187        SH:  0    Dex: 15    Spells: 5/5 levels left

rFire    . . .     SeeInvis +   a - +0 falchion
rCold    . . .     Faith    .   l - +0 buckler
rNeg     . . .     Spirit   .   b - +0 animal skin
rPois    .         Reflect  .   (helmet restricted)
rElec    .         Harm     .   (no cloak)
rCorr    .                      (gloves unavailable)
MR       +....                  (boots unavailable)
Stlth    ++........             m - amulet of the acrobat
HPRegen  0.10/turn              (no ring)
MPRegen  0.10/turn              (no ring)

@: paralysed, berserk cooldown, slowed, very quick
A: very small, unfitting armour, see invisible, clever 1, speed 3, screaming 1
a: Berserk, Trog's Hand, Renounce Religion


You were on level 4 of the Dungeon.
You worshipped Trog.
Trog was most pleased with you.
You visited 1 branch of the dungeon, and saw 4 of its levels.
You also visited: Ossuary.

You collected 187 gold pieces.

Inventory:

Hand Weapons
 a - a +0 falchion (weapon)
 n - a +1 dagger of holy wrath
Missiles
 p - 3 throwing nets
 t - 8 curare-tipped darts (quivered)
Armour
 b - a +0 animal skin (worn)
 l - a +0 buckler (worn)
Jewellery
 d - an uncursed ring of ice
 e - an uncursed ring of wizardry {unknown}
 m - an amulet of the acrobat (around neck)
Wands
 j - a wand of paralysis (7)
Scrolls
 c - 3 scrolls of fog {unknown}
 g - 3 scrolls of teleportation {unknown}
 i - 2 scrolls of immolation {unknown}
 k - 2 scrolls of fear {unknown}
 q - 2 scrolls of enchant weapon {unknown}
 s - 3 scrolls of noise {unknown}
 u - a scroll of remove curse {unknown}
Potions
 f - 5 potions of curing
 h - 2 potions of heal wounds
 o - a potion of lignification
 r - a potion of flight
 v - 2 potions of haste


   Skills:
 + Level 3.6 Fighting
 + Level 5.1 Long Blades
 + Level 6.0 Dodging
 - Level 3.1 Stealth
 + Level 0.5 Shields


You had 5 spell levels left.
You didn't know any spells.
Your spell library was empty.

Dungeon Overview and Level Annotations

Branches:
Dungeon (4/15)            Ossuary (visited)
 Temple: D:4-7

Altars:
Kikubaaqudgha

Annotations:
D:3 Pikel


Innate Abilities, Weirdness & Mutations

You are very small and have problems with some larger weapons.
You are too small for most types of armour.
You have supernaturally acute eyesight. (SInv)
You cover ground extremely quickly.
Your mind is acute. (Int +2)
You occasionally shout uncontrollably at your foes.


Message History

The lemure is severely wounded.
The lemure hits you. The lemure barely misses you.
You are too injured to fight recklessly!
You are too injured to fight recklessly!
You are too injured to fight recklessly!
You are too injured to fight recklessly!
You slash the lemure!
The lemure is almost dead.
The lemure misses you.
You closely miss the lemure.
The lemure is almost dead.
The lemure barely misses you. You block the lemure's attack.
You closely miss the lemure.
The lemure is almost dead.
You are no longer berserk.
You pass out from exhaustion.
You feel yourself slow down. The lemure hits you!
* * * LOW HITPOINT WARNING * * *
The lemure hits you!
You die...

..#...####............#
#...#)## ##[..........#
....[<.## ##..........#
..###[..####..........#
...##....#............#
.#.####..............##
......5.5..<.....)....#
###............5......#
.5..#..###.....5@....<#
.####...##............#
## #.#...............#
# #.#..............## #
#.#.............##
#####.............###
##..............#.#
................#.#
##.#.#..#....####.


You could see 2 lemures.

Vanquished Creatures
  Menkaure (Ossuary)
  2 lemures (D:4)
  A vampire bat (D:2)
  A bullfrog zombie (D:3)
  An orc wizard (D:4)
  An iguana (D:3)
  Jessica (D:3)
  3 mummies (Ossuary)
  4 gnolls (D:3)
  2 adders (D:3)
  3 oozes
  2 worms
  2 dart slugs
  2 leopard geckos
  11 orcs
  2 bat skeletons (D:2)
  5 bat zombies (D:2)
  5 giant cockroaches
  3 gnoll zombies (Ossuary)
  7 goblins
  7 hobgoblins
  4 jackals (D:2)
  7 kobolds
  A quokka (D:3)
  A ball python (D:1)
  4 bats
  5 frilled lizards
  7 gnoll skeletons (Ossuary)
  A goblin zombie (Ossuary)
  8 hobgoblin skeletons (Ossuary)
  4 hobgoblin zombies (Ossuary)
  3 kobold skeletons (Ossuary)
  5 kobold zombies (Ossuary)
  4 orc skeletons (Ossuary)
  6 orc zombies (Ossuary)
  5 rats
  A rat skeleton (Ossuary)
  4 rat zombies (Ossuary)
136 creatures vanquished.

Vanquished Creatures (others)
  A goblin skeleton (Ossuary)
  A goblin zombie (Ossuary)
  A hobgoblin skeleton (Ossuary)
  A kobold zombie (Ossuary)
  2 plants (D:3)
  10 toadstools (D:2)
16 creatures vanquished.

Grand Total: 152 creatures vanquished

Notes
Turn   | Place    | Note
-------+----------+-------------------------------------------
     0 | D:1      | FUZZY the Spriggan Berserker began the quest for the Orb.
     0 | D:1      | Reached XP level 1. HP: 11/11 MP: 2/2
   232 | D:1      | Reached XP level 2. HP: 14/16 MP: 3/3
  1107 | D:1      | Reached XP level 3. HP: 19/19 MP: 4/4
  1129 | D:1      | Reached ** piety under Trog
  1415 | D:2      | Reached skill level 5 in Dodging
  2034 | D:2      | Reached skill level 1 in Stealth
  2773 | D:2      | Found an ancient bone altar of Kikubaaqudgha.
  2779 | D:2      | Reached XP level 4. HP: 21/24 MP: 5/5
  2864 | D:3      | Noticed a phantom
  3638 | D:3      | Reached XP level 5. HP: 19/28 MP: 6/6
  4225 | D:3      | Found a faded altar of an unknown god.
  4738 | D:3      | Noticed Jessica
  4792 | D:3      | Killed Jessica
  4987 | D:3      | Reached XP level 6. HP: 27/32 MP: 7/7
  5084 | D:4      | Found a sand-covered staircase.
  5216 | Ossuary  | Entered an ossuary
  5717 | Ossuary  | Reached *** piety under Trog
  7884 | Ossuary  | Noticed Menkaure
  7903 | Ossuary  | Killed Menkaure
  8766 | Ossuary  | Gained mutation: You occasionally shout uncontrollably at
                  | your foes. [potion of mutation]
  8766 | Ossuary  | Gained mutation: Your mind is acute. (Int +2) [potion of
                  | mutation]
  8812 | D:4      | Noticed Pikel
  8816 | D:4      | Reached skill level 6 in Dodging
  8829 | D:4      | Reached skill level 5 in Long Blades
  9100 | D:4      | Slain by a lemure

Illustrated notes

Levels and vault maps discovered:
D:1:      wander_arrival_abandoned_jail, layout_basic, minmay_pentomino_q2
D:2:      cheibrodos_fertilizer, layout_basic, kennysheep_vampire_church,
          minmay_misc_feat_rugged
D:3:      cheibrodos_old_hovel, layout_basic, chequers_ecumenical_altar_twisty,
          serial_bayou_pond_c, uniq_jessica
D:4:      layout_rooms, nicolae_ossuary_entry_monument, uniq_pikel

Skill      XL: |  1  2  3  4  5  6 |
---------------+-------------------+-----
Dodging        | 5 6 |  6.0
Long Blades    | 3 4 5 |  5.1
Stealth        | 1 2 3 |  3.1
Fighting       | 3 |  3.6
Shields        | |  0.5

Action                   |  1- 3 |  4- 6 || total
-------------------------+-------+-------++-------
Melee: Falchion          |   127 |   291 ||   418
Invok: Berserk           |     6 |    14 ||    20
       Trog's Hand       |       |     2 ||     2
  Use: Scroll            |       |     7 ||     7
       Potion            |       |     1 ||     1
 Stab: Sleeping          |     3 |     4 ||     7
Armor: Animal skin       |    16 |     7 ||    23
Dodge: Dodged            |   138 |   154 ||   292
Block: Buckler           |       |    43 ||    43
       Rpst.: Falchion   |    42 |    50 ||    92

Table legend: (Time is in decaauts)
 A = Elapsed time spent in this place.
 B = Non-inter-level travel time spent in this place.
 C = Inter-level travel time spent in this place.
 D = Time resting spent in this place.
 E = Time spent auto-exploring this place.
 F = Levels seen in this place.
 G = Mean time per level.
                   A        B        C        D        E       F      G
               +--------+--------+--------+--------+--------+-----+--------+
         Total |   8326 |   8262 |     64 |   5320 |   1623 |   5 | 1665.2 |
       Dungeon |   4905 |   4841 |     64 |   2568 |   1601 |   4 | 1226.2 |
       Ossuary |   3420 |   3420 |      0 |   2751 |     21 |   1 | 3420.0 |
               +--------+--------+--------+--------+--------+-----+--------+

Top non-repeatable levels by time:
 Ossuary: 3420 daAuts
     D:3: 2161 daAuts
     D:2: 1334 daAuts
     D:1: 1176 daAuts
     D:4: 233 daAuts
